 Dungeon Sprint DCSS version 0.27.1-1-g398f81649c (webtiles) character file.

Game seed: 5874658149329622321

180 styxcanada the Covert (level 5, -14/28 HPs)
             Began as a Spriggan Brigand on Sept 15, 2021.
             Was an Initiate of Gozag.
             Demolished by a spriggan (19 damage)
             ... in the Dungeon (Sprint IV: "Fedhas' Mad Dash").
             The game lasted 00:01:20 (205 turns).

styxcanada the Covert (Spriggan Brigand)             Turns: 205, Time: 00:01:20

Health: -14/28     AC:  3    Str:  7    XL:     5   Next: 33%
Magic:  6/6        EV: 19    Int: 13    God:    Gozag
Gold:   145        SH:  0    Dex: 17    Spells: 4/4 levels left

rFire    . . .     SeeInvis +   a - +2 dagger
rCold    . . .     Faith    .   (shield restricted)
rNeg     . . .     Spirit   .   b - +0 robe
rPois    +         Reflect  .   (helmet restricted)
rElec    .         Harm     .   c - +0 cloak
rCorr    .         Rampage  .   (gloves unavailable)
Will     .....     NoTele   +   (boots unavailable)
Stlth    ++++++....             m - amulet of invisibility {+Inv}
HPRegen  0.09/turn              n - ring of poison resistance
MPRegen  0.10/turn              (no ring)

@: very slightly contaminated, very quick
A: very small, no large weapons, unfitting armour, see invisible, speed 3
a: Renounce Religion, Evoke Invisibility, Potion Petition, Call Merchant, Bribe
Branch


You were in the Dungeon.
You worshipped Gozag.
Gozag was aware of your devotion.
You visited 1 branch You collected 145 gold pieces.

Inventory:

Hand Weapons
 a - a +2 dagger (weapon)
 q - a +2 rapier of speed
Missiles
 d - 5 poisoned darts (quivered)
 e - 2 curare-tipped darts
Armour
 b - a +0 robe (worn)
 c - a +0 cloak (worn)
Jewellery
 m - the amulet of invisibility (around neck) {+Inv}
   (You found it in the Dungeon)

   [amulet of nothing]

   +Inv:      It lets you turn invisible.
 n - a ring of poison resistance (left hand)
Scrolls
 k - a scroll of blinking
 l - a scroll of vulnerability {unknown}
Potions
 f - a potion of curing
 g - a potion of heal wounds
 h - a potion of haste
 i - 2 potions of magic
 j - a potion of berserk rage
 o - a potion of flight {unknown}
 p - a potion of lignification {unknown}


   Skills:
 * Level 3.2 Fighting
 + Level 3.6 Short Blades
 + Level 2.7 Throwing
 * Level 5.0 Dodging
 * Level 14.1 Stealth
 * Level 2.4 Evocations


You had 4 spell levels left.
You didn't know any spells.
Your spell library was empty.

Dungeon Overview and Level Annotations

Branches:
Dungeon (1/1)

Altars:
Cheibriados
Dithmenos
Elyvilon
Gozag
Hepliaklqana
Kikubaaqudgha
Makhleb
Nemelex Xobeh
Okawaru
Qazlal
Ru
Sif Muna
Trog
Uskayaw
Vehumet
Wu Jian
Xom
Yredelemnul
Zin
The Shining One
Beogh
Jiyva
Lugonu


Innate Abilities, Weirdness & Mutations

You are very small and have problems with some larger weapons.
You are too small for most types of armour.
You have supernaturally acute eyesight. (SInv)
You cover ground extremely quickly. (Speed+++)


Message History

You hit the spriggan.
The spriggan is lightly wounded.
You flicker for a moment.
The spriggan hits you with a +4 short sword of electrocution.
You hit the spriggan.
The spriggan is heavily wounded.
The scorpion completely misses you.
The spriggan hits you with a +4 short sword of electrocution!
Unknown command.
You hit the scorpion.
The scorpion is moderately wounded.
The spriggan misses you.
Unknown command.
There is an open door here.
Throw: 8 darts (poison)
Press: ? - help, Q - select action, (/) - cycle Shift-Dir - straight line, f - spriggan
Aim: a spriggan, wielding a +0 dagger, wearing a +0 robe and wearing a +2 buckler (34% to hit)
You throw a poisoned dart. The spriggan blocks the poisoned dart.
You flicker back into view.
The spriggan barely misses you.
There is a corrupted altar of Lugonu here.
Throw: 7 darts (poison)
Press: ? - help, Q - select action, (/) - cycle Shift-Dir - straight line, f/p - spriggan
Aim: a spriggan, wielding a +0 dagger, wearing a +0 robe and wearing a +2 buckler (34% to hit)
You throw a poisoned dart.
The poisoned dart closely misses the spriggan.
The spriggan hits you with a +0 dagger!
* * * LOW HITPOINT WARNING * * *
There is an ancient bone altar of Kikubaaqudgha here.
There is a viscous altar of Jiyva here.
There is a hazy altar of Hepliaklqana here.
Throw: 6 darts (poison)
Press: ? - help, Q - select action, (/) - cycle Shift-Dir - straight line, f/p - spriggan
Aim: a spriggan, wielding a +0 dagger, wearing a +0 robe and wearing a +2 buckler (34% to hit)
You throw a poisoned dart. The poisoned dart hits the spriggan.
The spriggan is poisoned.
The spriggan hits you with a +4 short sword of electrocution!!
Ouch! That really hurt!
You die...
Your body crumbles into a pile of gold.

#################################
.....#.....#.⌠._._._._.⌠.#..'$..#
.....'.#...'.._.@i_._._..(.(#$.$#
...†.#.#...#..._._i_._...#..###+#
#########+##.._._._._._..#..# $
#._._._._._.⌠.#### $
$############### $$ $$ $


You could see 2 spriggans.

Vanquished Creatures
  A scorpion (D)
  3 oklob saplings (D)
  A river rat (D)
  A rat (D)
6 creatures vanquished.

Notes
Turn   | Place    | Note
-------+----------+-------------------------------------------
     0 | D        | styxcanada the Spriggan Brigand began the quest for the
                  | Orb.
     0 | D        | Reached XP level 1. HP: 10/10 MP: 2/2
     9 | D        | Reached skill level 7 in Stealth
     9 | D        | Reached XP level 2. HP: 13/15 MP: 3/3
    14 | D        | Reached skill level 8 in Stealth
    79 | D        | Noticed an oklob sapling
    81 | D        | Killed an oklob sapling
    82 | D        | Reached skill level 10 in Stealth
    82 | D        | Reached XP level 3. HP: 18/18 MP: 4/4
    83 | D        | Noticed a scorpion
    83 | D        | Found the amulet of invisibility {+Inv}
    85 | D        | Killed a scorpion
    86 | D        | Reached skill level 12 in Stealth
    86 | D        | Reached XP level 4. HP: 23/23 MP: 5/5
   108 | D        | Found an opulent altar of Gozag.
   108 | D        | Found a hazy altar of Hepliaklqana.
   108 | D        | Found a burning altar of Makhleb.
   108 | D        | Found a sparkling altar of Nemelex Xobeh.
   108 | D        | Found a snail-covered altar of Cheibriados.
   108 | D        | Found a sacrificial altar of Ru.
   108 | D        | Found a shimmering blue altar of Sif Muna.
   108 | D        | Found a shimmering altar of Xom.
   108 | D        | Found a basalt altar of Yredelemnul.
   109 | D        | Found a viscous altar of Jiyva.
   109 | D        | Found a bloodstained altar of Trog.
   109 | D        | Found an ornate altar of the Wu Jian Council.
   110 | D        | Found an iron altar of Okawaru.
   110 | D        | Found a shadowy altar of Dithmenos.
   110 | D        | Found a glowing silver altar of Zin.
   111 | D        | Found an ancient bone altar of Kikubaaqudgha.
   111 | D        | Found a hide-covered altar of Uskayaw.
   112 | D        | Found a stormy altar of Qazlal.
   112 | D        | Found a white marble altar of Elyvilon.
   112 | D        | Found a glowing golden altar of the Shining One.
   113 | D        | Became a worshipper of Gozag Ym Sagoz the Greedy
   114 | D        | Found a corrupted altar of Lugonu.
   114 | D        | Found a radiant altar of Vehumet.
   118 | D        | Reached skill level 13 in Stealth
   118 | D        | Reached skill level 1 in Evocations
   118 | D        | Reached XP level 5. HP: 28/28 MP: 3/6
   177 | D        | Reached skill level 5 in Dodging
   177 | D        | Reached skill level 14 in Stealth
   205 | D        | Demolished by a spriggan

Illustrated notes

Levels and vault maps discovered:
D:        dungeon_sprint_fedhas [sprint_temple]

Skill      XL: |  1  2  3  4  5 |
---------------+----------------+-----
Fighting       | 2 3 |  3.2
Dodging        | 2 3 4 5 |  5.0
Stealth        | 7 10 12 13 14 | 14.1
Short Blades   | 3 |  3.6
Evocations     | 1 2 |  2.4
Throwing       | |  2.7

Action                   |  1- 3 |  4- 6 || total
-------------------------+-------+-------++-------
Melee: Dagger            |     8 |     5 ||    13
Throw: Dart              |       |     3 ||     3
 Abil: Evoke Invisibilit |       |     2 ||     2
 Stab: Sleeping          |     3 |     2 ||     5
Armor: Robe              |     1 |       ||     1
Dodge: Dodged            |     2 |     3 ||     5
